 Dungeon Crawl Stone Soup version 0.30.0-30-g96aa6591b8 (webtiles) character file.

Game seed: 5175568543084813544

4517 GimliDwarf the Martial Artist (level 10, -2/79 HPs)
             Began as a Gnoll Wanderer on June 28, 2023.
             Was an Elder of Okawaru.
             Shot with an arrow by a centaur warrior (11 damage)
             ... on level 9 of the Dungeon.
             The game lasted 00:27:09 (9648 turns).

GimliDwarf the Martial Artist (Gnoll Wanderer)      Turns: 9648, Time: 00:27:10

Health: -2/79      AC: 16    Str: 10    XL:     10   Next: 39%
Magic:  18/18      EV: 18    Int: 11    God:    Okawaru [****..]
Gold:   499        SH:  0    Dex: 18    Spells: 19/19 levels left

rFire   + . .        F - +7 spear
rCold   . . .        (no shield)
rNeg    . . .        v - +1 ring mail {rF+}
rPois   .            i - +1 helmet
rElec   .            A - +2 cloak {Stlth+}
rCorr   .            h - +2 pair of gloves
SInv    .            (no boots)
Will    .....        (no amulet)
Stlth   ++++         l - +5 ring of evasion
HPRegen 0.33/turn    e - +4 ring of slaying
MPRegen 0.16/turn

%: no passive effects
@: studying Stealth
A: fangs 1, strong nose, distributed training
a: Renounce Religion, Heroism, Finesse


You were on level 9 of the Dungeon.
You worshipped Okawaru.
Okawaru was greatly pleased with you.
You visited 2 branches of the dungeon, and saw 10 of its levels.

You collected 499 gold pieces.

Inventory:

Hand Weapons
 q - the +1 broad axe "Gnoll's Doom" {freeze, rPois Str+3 Int+3}
   (You found it on level 7 of the Dungeon)

   Str:       It affects your strength (+3).
   Int:       It affects your intelligence (+3).
   rPois:     It protects you from poison.
 z - a +2 quarterstaff of chaos
 E - a +4 morningstar
 F - a +7 spear (weapon)
 G - the +3 falchion of Migoenol {flame, Drain Str+4}
   (You found it on level 7 of the Dungeon)

   Str:       It affects your strength (+4).
   Drain:     It drains your maximum health when unequipped.
 N - a +1 trident of protection
Missiles
 B - 11 poisoned darts (quivered)
 D - 6 curare-tipped darts
 K - a javelin
 L - 2 boomerangs of dispersal
Armour
 h - a +2 pair of gloves (worn)
 i - a +1 helmet (worn)
 v - a +1 ring mail of fire resistance (worn)
 x - a +1 leather armour of cold resistance
 A - a +2 cloak of stealth (worn)
Magical Staves
 d - a staff of conjuration
Jewellery
 c - a +6 ring of dexterity
 e - a +4 ring of slaying (right hand)
 l - a +5 ring of evasion (left hand)
 p - a ring of fire
 w - a ring of magical power
Wands
 u - a wand of flame (50)
 H - a wand of polymorph (6)
 M - a wand of roots (1)
Scrolls
 a - 2 scrolls of fog
 f - 6 scrolls of teleportation
 g - 2 scrolls of fear
 n - a scroll of silence
 y - 4 scrolls of identify
 C - a scroll of magic mapping
 J - a scroll of amnesia {unknown}
Potions
 j - 2 potions of mutation
 m - 5 potions of flight
 o - 4 potions of invisibility
 r - a potion of ambrosia
 s - a potion of resistance
 t - 2 potions of haste
 I - a potion of berserk rage {unknown}


   Skills:
 + Level 7.2 Fighting
 + Level 5.4 Short Blades
 + Level 5.4 Long Blades
 + Level 5.4 Axes
 + Level 5.4 Maces & Flails
 + Level 6.1 Polearms
 + Level 5.4 Staves
 + Level 5.4 Ranged Weapons
 + Level 5.4 Throwing
 + Level 6.1 Armour
 + Level 5.4 Dodging
 + Level 7.6 Stealth
 + Level 5.4 Shields
 + Level 10.1 Unarmed Combat
 + Level 5.4 Spellcasting
 + Level 4.5 Conjurations
 + Level 4.5 Hexes
 + Level 4.5 Summonings
 + Level 4.5 Necromancy
 + Level 4.5 Translocations
 + Level 4.5 Transmutations
 + Level 4.5 Fire Magic
 + Level 4.5 Ice Magic
 + Level 4.5 Air Magic
 + Level 4.5 Earth Magic
 + Level 4.5 Poison Magic
 + Level 6.5 Invocations
 + Level 5.4 Evocations


You had 19 spell levels left.
You didn't know any spells.
Your spell library contained the following spells:

 Spells                   Type           Power      Damage    Failure   Level
 Static Discharge         Conj/Air       24%        2-3/arc   11%         2
 Dazzling Flash           Conj/Hex       24%        N/A       22%         3
 Vhi's Electric Charge    Tloc/Air       24%        N/A       22%         3
 Volatile Blastmotes      Fire/Tloc      24%        2d12      22%         3
 Airstrike                Air            6%         2d(1-17)  58%         4
 Iskenderun's Mystic Bla  Conj/Tloc      12%        2d5       58%         4
 Arcjolt                  Conj/Air       6%         1d16      90%         5
 Starburst                Conj/Fire      6%         6d4       100%        6
 Orb of Destruction       Conj           6%         9d6       100%        7
 Maxwell's Capacitive Co  Air            6%         ∞         100%        8
 Summon Guardian Golem    Hex/Summ       Unusable   N/A       N/A         3
 Summon Lightning Spire   Summ/Air       Unusable   N/A       N/A         4
 Spellforged Servitor     Conj/Summ      Unusable   N/A       N/A         7

Dungeon Overview and Level Annotations

Branches:
Dungeon (9/15)             Temple (1/1) D:5            Lair (0/5) D:8
    Orc: D:9-12

Altars:
Ashenzari
Cheibriados
Dithmenos
Elyvilon
Fedhas
Gozag
Hepliaklqana
Kikubaaqudgha
Makhleb
Nemelex Xobeh
Okawaru
Qazlal
Ru
Sif Muna
Trog
Uskayaw
Vehumet
Wu Jian
Xom
Yredelemnul
Zin
The Shining One

Shops:
D:7 *   D:8 :

Annotations:
D:3 3 runed translucent doors, ces's ghost, amateur SpHu
D:9 3 runed translucent doors, math4jedi's ghost, novice MiBe


Innate Abilities, Weirdness & Mutations

You have very sharp teeth.
Your uncanny sense of smell can sniff out nearby items.
Your experience applies equally to all skills.


Message History

The centaur warrior shouts!
Roots grab the centaur warrior.
The grasping roots constrict the centaur warrior.
The centaur warrior wields a +0 shortbow.
The centaur warrior shoots an arrow.
The arrow completely misses you.
The centaur warrior struggles to escape constriction.
You reach to attack!
You hit the centaur warrior.
The centaur warrior is lightly wounded.
The grasping roots constrict the centaur warrior!
The centaur warrior shoots an arrow.
The arrow hits you!
You reach to attack!
You hit the centaur warrior.
The centaur warrior is moderately wounded.
The grasping roots constrict the centaur warrior.
The roots release their grip on the centaur warrior.
The centaur warrior shoots an arrow.
The arrow hits you!!
You reach to attack!
You puncture the centaur warrior!
The centaur warrior is heavily wounded.
The centaur warrior shoots an arrow.
The arrow hits you!!
* * * LOW HITPOINT WARNING * * *
Reach: F) +7 spear
Press: ? - help, Dir - move target, f/p - centaur warrior
Aim: a centaur warrior, wielding a +0 shortbow (heavily wounded, about 20% to evade your +7 spear)
Okay, then.
Aiming: Fastroot
Press: ? - help, Shift-Dir - straight line, f/p - centaur warrior
Aim: a centaur warrior, wielding a +0 shortbow (heavily wounded)
The roots erupt in riotous growth!
Roots grab the centaur warrior.
The grasping roots constrict the centaur warrior.
The centaur warrior shoots an arrow.
The arrow hits you!
* * * LOW HITPOINT WARNING * * *
The centaur warrior shoots an arrow.
The arrow completely misses you.
Reach: F) +7 spear
Press: ? - help, Dir - move target, f/p - centaur warrior
Aim: a centaur warrior, wielding a +0 shortbow (severely wounded, constricted by roots, about 5% to evade your +7 spear)
You reach to attack!
You puncture the centaur warrior!
The centaur warrior is severely wounded.
The grasping roots constrict the centaur warrior.
The centaur warrior shoots an arrow.
The arrow hits you!
You die...

###......##..####.
#..^..............
#.#...............
#.####.....######.
#.#).....### #.
..#......# #.
######...# #.
##.c.##..# ###.
#@# #..# ###...
#.#∆ .#..# ##.....
#.###.#..###......
##...##..........>
##'##...##.......
#....####.......
###### #(......
#....<.. ##......


You could see a centaur warrior (rooted).

Vanquished Creatures
  A hornet (D:9)
  A shadow (D:9)
  8 yaks
  4 water moccasins
  2 acid dragons (D:9)
  A sky beast (D:6)
  An orc warrior (D:9)
  A phantom (D:4)
  3 centaurs
  4 bullfrogs
  A kobold brigand (D:7)
  2 scorpions
  4 wights
  6 killer bees (D:9)
  2 howler monkeys (D:8)
  2 jellies (D:6)
  3 hounds
  A gnoll bouda (D:8)
  4 orc priests
  Crazy Yiuf (D:6)
  5 iguanas
  7 orc wizards
  A sleepcap (D:7)
  7 adders
  5 gnolls (D:8)
  2 shadow imps (D:7)
  A white imp (D:8)
  A worm (D:3)
  3 dart slugs (D:1)
  16 orcs
  7 ball pythons
  3 bats
  5 endoplasms
  5 giant cockroaches
  6 goblins
  12 hobgoblins
  7 jackals
  4 quokkas
  4 frilled lizards
  16 kobolds
  2 rats
171 creatures vanquished.

Notes
Turn   | Place    | Note
-------+----------+-------------------------------------------
     0 | D:1      | GimliDwarf the Gnoll Wanderer began the quest for the Orb.
     0 | D:1      | GimliDwarf set off with the following items: a +0 spear, a
                  | potion of heal wounds, a potion of might, a +0 ring mail, a
                  | potion of lignification.
     0 | D:1      | Reached XP level 1. HP: 20/20 MP: 2/2
   136 | D:1      | Reached XP level 2. HP: 25/26 MP: 3/3
   354 | D:1      | Reached XP level 3. HP: 28/31 MP: 4/4
   780 | D:2      | Reached skill level 1 in Short Blades
   780 | D:2      | Reached skill level 1 in Long Blades
   780 | D:2      | Reached skill level 1 in Axes
   780 | D:2      | Reached skill level 1 in Maces & Flails
   780 | D:2      | Reached skill level 1 in Staves
   780 | D:2      | Reached skill level 1 in Ranged Weapons
   780 | D:2      | Reached skill level 1 in Throwing
   780 | D:2      | Reached skill level 1 in Dodging
   780 | D:2      | Reached skill level 1 in Shields
   780 | D:2      | Reached skill level 1 in Spellcasting
   780 | D:2      | Reached skill level 1 in Evocations
   845 | D:2      | Reached XP level 4. HP: 38/38 MP: 6/6
  1239 | D:3      | Noticed an angel
  1239 | D:3      | Found a glowing silver altar of Zin.
  1298 | D:3      | Found a shimmering altar of Xom.
  1464 | D:3      | Reached skill level 1 in Conjurations
  1464 | D:3      | Reached skill level 1 in Hexes
  1464 | D:3      | Reached skill level 1 in Summonings
  1464 | D:3      | Reached skill level 1 in Necromancy
  1464 | D:3      | Reached skill level 1 in Translocations
  1464 | D:3      | Reached skill level 1 in Transmutations
  1464 | D:3      | Reached skill level 1 in Fire Magic
  1464 | D:3      | Reached skill level 1 in Ice Magic
  1464 | D:3      | Reached skill level 1 in Air Magic
  1464 | D:3      | Reached skill level 1 in Earth Magic
  1464 | D:3      | Reached skill level 1 in Poison Magic
  1611 | D:3      | Found a runed translucent gate.
  1611 | D:3      | Noticed ces's ghost (amateur SpHu)
  1612 | D:3      | Found a runed translucent gate.
  1612 | D:3      | Identified the +4 hand axe of a Billion Yaks {freeze, rF+
                  | rCorr MP-9 Stlth+}
  1612 | D:3      | Identified the +0 ring mail of Gozag's Felicitations {rC+
                  | MP+9 Stlth+}
  1613 | D:3      | Found a runed translucent gate.
  1754 | D:3      | You fall into a shaft and drop 1 floor!
  1916 | D:4      | Noticed a phantom
  2496 | D:4      | Found a blossoming altar of Fedhas.
  2583 | D:4      | Noticed an ogre
  2817 | D:4      | Found a sparkling altar of Nemelex Xobeh.
  2844 | D:4      | Killed a phantom
  2845 | D:4      | Reached XP level 5. HP: 35/43 MP: 7/7
  2947 | D:4      | Reached XP level 6. HP: 17/50 MP: 8/8
  3354 | D:5      | Entered Level 5 of the Dungeon
  3363 | D:5      | Found a staircase to the Ecumenical Temple.
  3386 | D:5      | HP: 3/75 [poisoned by a scorpion]
  3389 | D:5      | HP: 1/75 [poisoned by a scorpion]
  3397 | D:5      | Reached skill level 5 in Fighting
  3583 | Temple   | Entered the Ecumenical Temple
  3600 | Temple   | Became a worshipper of Warmaster Okawaru
  3859 | D:5      | Reached XP level 7. HP: 44/56 MP: 10/10
  4308 | D:5      | Reached * piety under Okawaru
  4309 | D:5      | Reached skill level 9 in Unarmed Combat
  5375 | D:6      | Found a runed translucent door.
  5376 | D:6      | Noticed Crazy Yiuf
  5455 | D:6      | Found a radiant altar of Vehumet.
  5579 | D:6      | Reached XP level 8. HP: 57/63 MP: 12/12
  6176 | D:6      | Killed Crazy Yiuf
  6235 | D:7      | Identified the +1 broad axe "Gnoll's Doom" {freeze, rPois
                  | Str+3 Int+3}
  6358 | D:7      | Reached ** piety under Okawaru
  6516 | D:7      | Reached skill level 5 in Stealth
  6754 | D:7      | Reached skill level 5 in Invocations
  6861 | D:7      | Reached XP level 9. HP: 36/69 MP: 14/14
  7050 | D:7      | Identified the +3 falchion of Migoenol {flame, Drain Str+4}
  7289 | D:7      | Found Fuhu's CLEARANCE SALE!.
  7454 | D:8      | Reached skill level 5 in Polearms
  7454 | D:8      | Reached skill level 5 in Armour
  7487 | D:8      | Found a staircase to the Lair.
  7894 | D:8      | Reached *** piety under Okawaru
  7901 | D:8      | Found Zuaxis's Vocational Training.
  8051 | D:8      | Received a gift from Okawaru
  8422 | D:9      | Noticed a hornet
  8428 | D:9      | Killed a hornet
  8743 | D:9      | Reached skill level 5 in Short Blades
  8743 | D:9      | Reached skill level 5 in Long Blades
  8743 | D:9      | Reached skill level 5 in Axes
  8743 | D:9      | Reached skill level 5 in Maces & Flails
  8743 | D:9      | Reached skill level 5 in Staves
  8743 | D:9      | Reached skill level 5 in Ranged Weapons
  8743 | D:9      | Reached skill level 5 in Throwing
  8743 | D:9      | Reached skill level 5 in Dodging
  8743 | D:9      | Reached skill level 5 in Shields
  8743 | D:9      | Reached skill level 5 in Spellcasting
  8743 | D:9      | Reached skill level 5 in Evocations
  8743 | D:9      | Reached XP level 10. HP: 48/77 MP: 17/17
  8748 | D:9      | Reached **** piety under Okawaru
  8749 | D:9      | Reached skill level 10 in Unarmed Combat
  9174 | D:9      | Received a gift from Okawaru
  9436 | D:9      | Found a basalt altar of Yredelemnul.
  9546 | D:9      | Found a runed translucent gate.
  9546 | D:9      | Found a runed translucent gate.
  9546 | D:9      | Found a runed translucent gate.
  9547 | D:9      | Noticed math4jedi's ghost (novice MiBe)
  9590 | D:9      | Found a broken altar of Ashenzari.
  9594 | D:9      | Found an opulent altar of Gozag.
  9642 | D:9      | Noticed a centaur warrior
  9648 | D:9      | Shot with an arrow by a centaur warrior

Illustrated notes

Levels and vault maps discovered:
D:1:      dpeg_arrival_chambers_temple_mockup, layout_rooms
D:2:      layout_rooms, guppyfry_early_lair_pool
D:3:      layout_rooms, grunt_temple_overflow_order_and_chaos_1,
          biasface_ghost_orc_armoury, hangedman_abyss_or_decor_stabs
D:4:      layout_basic, kennysheep_mini, nemelex_spade_bored_becter
D:5:      nicolae_cairo_tiling_large_dashed, layout_basic,
          minmay_temple_entry_grid
D:6:      layout_loops_corners, vehumet_altar_wand_db, uniq_crazy_yiuf_cottage
D:7:      layout_layer_cave, nicolae_shop_clearance
D:8:      layout_rooms, dpeg_oklobed_lair, roderic_serpentine_path,
          nicolae_sextant, nicolae_shop_vocational
D:9:      layout_rooms, mainiacjoe_overflow_brackets,
          mainiacjoe_overflow_alcove_2, kennysheep_mini_moat, orc_0_dummy,
          gammafunk_ghost_spectres, kennysheep_just_a_vault
Temple:   jpeg_temple_clearing

Skill      XL: |  1  2  3  4  5  6  7  8  9 10 |
---------------+-------------------------------+-----
Short Blades   | 1 2 3 5 |  5.4
Long Blades    | 1 2 3 5 |  5.4
Axes           | 1 2 3 5 |  5.4
Maces & Flails | 1 2 3 5 |  5.4
Staves         | 1 2 3 5 |  5.4
Ranged Weapons | 1 2 3 5 |  5.4
Throwing       | 1 2 3 5 |  5.4
Dodging        | 1 2 3 5 |  5.4
Shields        | 1 2 3 5 |  5.4
Spellcasting   | 1 2 3 5 |  5.4
Evocations     | 1 2 3 5 |  5.4
Conjurations   | 1 2 3 4 |  4.5
Hexes          | 1 2 3 4 |  4.5
Summonings     | 1 2 3 4 |  4.5
Necromancy     | 1 2 3 4 |  4.5
Translocations | 1 2 3 4 |  4.5
Transmutations | 1 2 3 4 |  4.5
Fire Magic     | 1 2 3 4 |  4.5
Ice Magic      | 1 2 3 4 |  4.5
Air Magic      | 1 2 3 4 |  4.5
Earth Magic    | 1 2 3 4 |  4.5
Poison Magic   | 1 2 3 4 |  4.5
Invocations    | 3 4 5 6 |  6.5
Polearms       | 3 4 5 6 |  6.1
Armour         | 3 4 5 6 |  6.1
Stealth        | 3 4 5 7 |  7.6
Fighting       | 5 6 7 |  7.2
Unarmed Combat | 9 10 | 10.1

Action                     |  1- 3 |  4- 6 |  7- 9 | 10-12 || total
---------------------------+-------+-------+-------+-------++-------
  Melee: Spear             |   119 |   204 |   270 |    82 ||   675
         Bite              |     9 |    18 |    44 |    11 ||    82
         Punch             |     3 |     7 |    16 |     3 ||    29
         Broad axe         |       |       |    48 |       ||    48
  Throw: Dart              |       |       |    11 |     8 ||    19
 Invoke: Heroism           |       |       |       |     1 ||     1
  Evoke: Wand              |       |    13 |       |     5 ||    18
    Use: Scroll            |       |    14 |     6 |       ||    20
         Potion            |       |     5 |       |     2 ||     7
   Stab: Sleeping          |     1 |     3 |     6 |     1 ||    11
         Distracted        |       |     1 |     3 |     1 ||     5
 Armour: Ring mail         |    47 |    83 |    88 |    23 ||   241
         Skin              |       |    16 |       |       ||    16
  Dodge: Dodged            |    56 |    68 |   207 |    67 ||   398
